 Dungeon Crawl Stone Soup version 0.26-a0-667-g92642533e4 (webtiles) character file.

Game seed: 4451228135177947554

486 miscthings the Slicer (level 7, -2/41 HPs)
             Began as a Kobold Berserker on Oct 17, 2020.
             Was a Believer of Trog.
             Slain by a hound (3 damage)
             ... on level 4 of the Dungeon.
             The game lasted 00:05:04 (3591 turns).

miscthings the Slicer (Kobold Berserker)            Turns: 3591, Time: 00:05:05

Health: -2/41      AC:  4    Str: 15    XL:     7   Next: 35%
Magic:  7/7        EV: 15    Int: 10    God:    Trog [**....]
Gold:   177        SH:  0    Dex: 14    Spells: 6/6 levels left

rFire    + . .     SeeInvis .   a - +0 short sword
rCold    + . .     Faith    .   (shield restricted)
rNeg     . . .     Spirit   .   b - +0 animal skin
rPois    .         Reflect  .   (no helmet)
rElec    .         Harm     .   r - scarf {rC+ rF+}
rCorr    .         Rampage  .   f - +1 pair of gloves
MR       .....     Rnd*Tele +   (no boots)
Stlth    ++........             (no amulet)
HPRegen  0.13/turn              l - ring of teleportation (curse)
MPRegen  0.10/turn              (no ring)

@: berserk cooldown, slowed, very slow
A: small, nightstalker 3
a: Berserk, Trog's Hand, Renounce Religion


You were on level 4 of the Dungeon.
You worshipped Trog.
Trog was pleased with you.
You visited 1 branch of the dungeon, and saw 5 of its levels.

You collected 267 gold pieces.
You spent 90 gold pieces at shops.

Inventory:

Hand Weapons
 a - a +0 short sword (weapon)
Missiles
 g - 2 datura-tipped darts (quivered)
Armour
 b - a +0 animal skin (worn)
 f - a +1 pair of gloves (worn)
 r - a scarf of resistance (worn)
Jewellery
 l - a cursed ring of teleportation (left hand)
Wands
 k - a wand of digging (4)
 n - a wand of random effects (11)
Scrolls
 c - 2 scrolls of teleportation
 e - 2 scrolls of amnesia
 h - a scroll of noise {unknown}
 p - a scroll of immolation {unknown}
 s - a scroll of blinking
Potions
 i - 3 potions of curing
 j - a potion of lignification
 m - a potion of haste {unknown}
 q - a potion of heal wounds
 t - a potion of resistance {unknown}
 u - a potion of degeneration {unknown}


   Skills:
 - Level 3.2 Fighting
 + Level 10.2 Short Blades
 - Level 1.5 Armour
 - Level 2.4 Dodging


You had 6 spell levels left.
You didn't know any spells.
Your spell library contained the following spells:

 Spells                   Type           Power        Failure   Level
 Confusing Touch          Hex            #.......     75%         3
 Gell's Gravitas          Tloc           #.........   75%         3
 Petrify                  Tmut/Erth      #.......     98%         4
 Metabolic Englaciation   Hex/Ice        #.........   100%        5
 Yara's Violent Unravell  Hex/Tmut       #.........   100%        5


Dungeon Overview and Level Annotations

Branches:
Dungeon (5/15)
 Temple: D:4-7

Altars:

Shops:
D:4 ?


Innate Abilities, Weirdness & Mutations

You are small and have problems with some larger weapons.
You are completely attuned to the shadows.


Message History

Evoke which item? (* to show all) (? for menu, Esc to quit)
Evoke which item? (* to show all) (? for menu, Esc to quit)
Press: ? - help, Shift-Dir - straight line, f/p - hound
Aim: a hound (lightly wounded, fast, strong, frenzied and insane)
The puff of flame hits the hound!
The hound is heavily wounded.
The hound closely misses you. The hound bites you.
* * * LOW HITPOINT WARNING * * *
The hound misses you.
Evoke which item? (* to show all) (? for menu, Esc to quit)
You don't have any such object.
Evoke which item? (* to show all) (? for menu, Esc to quit)
Evoke which item? (* to show all) (? for menu, Esc to quit)
Press: ? - help, Shift-Dir - straight line, f/p - hound
Aim: a hound (heavily wounded, fast, strong, frenzied and insane)
The hound resists with significant effort.
The hound closely misses you. The hound bites you.
* * * LOW HITPOINT WARNING * * *
The hound bites you.
You die...

...........................#
#....##.........[..........#
.....#...#.8.............(.#
.......#...................#
..#..###...8...............#
.[#..# ###.................##
....#####...................#
.....#.##....<......##......#
................@..####.....##
......#)(.......h..####......#
..[.............(........#.#.###
...............##..##....#.#...##
......#.#.......................#
......####..........#..........##
##.....##......#..#..#........##
#......)......#..##............##
...........###..#.#..#....#.....#


You could see a neutral hound (fast, strong, insane).

Vanquished Creatures
  An ogre (D:4)
  A howler monkey (D:5)
  A hound (D:4)
  Jessica (D:3)
  An iguana (D:4)
  Natasha (thrice) (D:3)
  2 worker ants (D:4)
  7 adders
  A shadow imp (D:4)
  2 worms (D:2)
  3 leopard geckos
  12 orcs
  3 bats
  6 giant cockroaches
  4 hobgoblins
  3 jackals (D:2)
  5 kobolds
  3 quokkas
  A ball python (D:2)
  5 frilled lizards
  7 goblins
  A leopard gecko skeleton (D:4)
  A quokka skeleton (D:4)
  3 rats
77 creatures vanquished.

Notes
Turn   | Place    | Note
-------+----------+-------------------------------------------
     0 | D:1      | miscthings the Kobold Berserker began the quest for the
                  | Orb.
     0 | D:1      | Reached XP level 1. HP: 14/14 MP: 1/1
   533 | D:1      | Reached XP level 2. HP: 13/19 MP: 2/2
   842 | D:2      | Reached skill level 5 in Short Blades
   912 | D:2      | Reached XP level 3. HP: 5/23 MP: 3/3
  1386 | D:2      | Reached skill level 6 in Short Blades
  1386 | D:2      | Reached XP level 4. HP: 26/28 MP: 4/4
  1746 | D:2      | Reached ** piety under Trog
  1860 | D:3      | Noticed Natasha
  1866 | D:3      | Killed Natasha
  1866 | D:3      | Reached skill level 7 in Short Blades
  1866 | D:3      | Reached XP level 5. HP: 32/32 MP: 5/5
  2081 | D:3      | Noticed Jessica
  2086 | D:3      | Killed Jessica
  2266 | D:3      | Noticed Natasha
  2276 | D:3      | Killed Natasha
  2276 | D:3      | Reached skill level 8 in Short Blades
  2412 | D:3      | Reached XP level 6. HP: 37/37 MP: 6/6
  2466 | D:3      | Noticed Natasha
  2471 | D:3      | Killed Natasha
  2764 | D:4      | Noticed an ogre
  2774 | D:4      | Killed an ogre
  2774 | D:4      | Reached skill level 9 in Short Blades
  3071 | D:4      | Reached XP level 7. HP: 41/41 MP: 7/7
  3181 | D:4      | Found Ysme's Magic Scroll Shop.
  3222 | D:4      | Bought a scroll of blinking for 90 gold pieces
  3526 | D:5      | Entered Level 5 of the Dungeon
  3544 | D:5      | Reached skill level 10 in Short Blades
  3591 | D:4      | HP: 1/41 [hound (5)]
  3591 | D:4      | Slain by a hound

Illustrated notes

Levels and vault maps discovered:
D:1:      onia_arrival_pyramid, layout_basic
D:2:      layout_rooms
D:3:      layout_loops_cross, minmay_starry_boxes, uniq_jessica, uniq_natasha
D:4:      layout_cave_pools, serial_column_ruins, column_ruins_open_tiny,
          column_ruins_columns_straight, column_ruins_open_tiny,
          column_ruins_open_tiny, column_ruins_grid_1, column_ruins_open_small,
          column_ruins_open_tiny, serial_shops, nicolae_shop_stone
D:5:      minmay_octagon_keep, layout_cave_pools, minmay_misc_feat_cross,
          st_stairs_14

Skill      XL: |  1  2  3  4  5  6  7 |
---------------+----------------------+-----
Short Blades   | 5 6 7 8 9 10 | 10.2
Fighting       | |  3.2
Armour         | |  1.5
Dodging        | |  2.4

Action                   |  1- 3 |  4- 6 |  7- 9 || total
-------------------------+-------+-------+-------++-------
Melee: Short sword       |    97 |   121 |    57 ||   275
Throw: Dart              |     4 |       |     2 ||     6
       Throwing net      |       |       |     1 ||     1
Invok: Berserk           |     2 |     6 |     2 ||    10
Evoke: Wand              |       |       |     4 ||     4
  Use: Scroll            |     1 |     3 |     1 ||     5
 Stab: Sleeping          |     8 |    11 |     2 ||    21
       Distracted        |     1 |       |       ||     1
Armor: Animal skin       |    16 |    11 |     9 ||    36
Dodge: Dodged            |    83 |    68 |    40 ||   191

Table legend: (Time is in decaauts)
 A = Elapsed time spent in this place.
 B = Non-inter-level travel time spent in this place.
 C = Inter-level travel time spent in this place.
 D = Time resting spent in this place.
 E = Time spent auto-exploring this place.
 F = Levels seen in this place.
 G = Mean time per level.
                   A        B        C        D        E       F      G
               +--------+--------+--------+--------+--------+-----+--------+
         Total |   3617 |   3533 |     84 |   1042 |   1932 |   5 |  723.4 |
       Dungeon |   3617 |   3533 |     84 |   1042 |   1932 |   5 |  723.4 |
               +--------+--------+--------+--------+--------+-----+--------+

Top non-repeatable levels by time:
     D:1: 1126 daAuts
     D:3: 930 daAuts
     D:4: 823 daAuts
     D:2: 693 daAuts
     D:5: 43 daAuts
